 Dungeon Crawl Stone Soup version 0.30-a0-165-g1891117ce2 (webtiles) character file.

Game seed: 2698235256682999926

682 qw the Chopper (level 7, -3/43 HPs)
             Began as a Gargoyle Fighter on Sept 28, 2022.
             Slain by an orc warrior
             ... wielding a +0 glaive
              (7 damage)
             ... on level 7 of the Dungeon.
             The game lasted 00:01:22 (4131 turns).

qw the Chopper (Gargoyle Fighter)                   Turns: 4131, Time: 00:01:22

Health: -3/43      AC: 19    Str: 22    XL:     7   Next: 61%
Magic:  7/7        EV: 11    Int:  8    God:
Gold:   103        SH:  4    Dex:  9    Spells: 6/6 levels left

rFire   . . .      SeeInvis .    Y - +0 war axe
rCold   . . .      Faith    .    c - +0 buckler
rNeg    + . .      Spirit   .    l - +0 chain mail
rPois   inf        Reflect  .    (no helmet)
rElec   +          Harm     .    (no cloak)
rCorr   .          Rampage  .    (no gloves)
Will    .....                    k - +0 pair of boots
Stlth   ..........               (no amulet)
HPRegen 0.14/turn                f - +4 ring of protection
MPRegen 0.10/turn                j - +4 ring of evasion

@: about to teleport
A: sickness immunity, AC +4, negative energy resistance 1, electricity
resistance, torment resistance 1, petrification resistance
a: no special abilities


You were on level 7 of the Dungeon.
You visited 1 branch of the dungeon, and saw 6 of its levels.

You collected 103 gold pieces.


Innate Abilities, Weirdness & Mutations

You are immune to sickness and miasma.
Your stone body is resilient. (AC +4)
You are immune to poison.
You resist negative energy. (rN+)
You are resistant to electric shocks. (rElec)
You are resistant to unholy torment.
You are immune to petrification.


   Skills:
 + Level 4.3 Fighting
 - Level 7.0 Axes
 - Level 3.2 Armour
 - Level 1.2 Dodging
 - Level 3.2 Shields


You had 6 spell levels left.
You didn't know any spells.
Your spell library was empty.

Inventory:

Hand Weapons
 m - a +1 flail of venom
 Y - a +0 war axe (weapon)
Missiles
 b - a boomerang (quivered)
Armour
 c - a +0 buckler (worn)
 k - a +0 pair of boots (worn)
 l - a +0 chain mail (worn)
Jewellery
 e - a ring of ice
 f - a +4 ring of protection (left hand)
 j - a +4 ring of evasion (right hand)
Scrolls
 g - 2 scrolls of teleportation
 h - 7 scrolls of identify
Potions
 d - 2 potions of might
 i - a potion of curing

Dungeon Overview and Level Annotations

Branches:
Dungeon (5/15)
 Temple: D:4-7

Altars:

Shops:
D:1 [


Message History

HP restored.
Things that are here:
a +2 dagger of venom; an orc corpse
Found 4 stones.
You now have 101 gold pieces (gained 9).
You see here 4 stones.
You now have 103 gold pieces (gained 2).
Found a spear.
Found a stone staircase leading down.
Found a leather armour.
A sourceless malevolence fills the Dungeon...
You fall into a shaft and drop 2 floors!
The shaft crumbles and collapses.
Found a flail.
Existing waypoints: (1) D:4 (2) D:5 Assign waypoint to what number? (0-9, D - delete waypoint) Waypoint 1 re-assigned from D:4 to D:7.
An orc warrior and 2 orc priests come into view.
The orc warrior shouts!
The orc priest shouts!
The orc warrior hits you from afar with a +0 glaive!
The orc priest mumbles some strange prayers to Beogh against you.
Beogh smites you!
You hear a shout!
You closely miss the orc priest. x2
The orc warrior barely misses you.
The orc priest hits you but does no damage.
The orc priest barely misses you.
You barely miss the orc priest.
You hit the orc priest but do no damage.
An orc comes into view. It is wielding a +0 dagger.
The orc warrior barely misses you.
The orc priest invokes the aid of Beogh against you.
Beogh smites you! The orc priest misses you.
You hear a shout!
4131 ||| READING 3 scrolls of teleportation.
As you read the scroll of teleportation, it crumbles to dust.
You feel strangely unstable.
The orc priest hits you with a +0 short sword.
The orc warrior hits you from afar with a +0 glaive!
You die...

#. . #...#####
..
#......##.#...
##.###.......#
#.oo@.###....
#.o..o..# .!
#.###.#.#
#.#.. #)#...
....#.#
###.#.# ....


You could see an orc warrior, 2 orc priests and an orc.

Vanquished Creatures
  An ogre (D:4)
  A phantom (D:4)
  A scorpion (D:4)
  2 hounds (D:4)
  5 orc priests
  Jessica (D:2)
  3 orc wizards (D:4)
  Ijyb (D:4)
  4 adders
  A white imp (D:4)
  A worm (D:4)
  2 dart slugs
  9 orcs
  5 ball pythons
  2 bats
  9 endoplasms
  3 giant cockroaches
  6 goblins
  3 hobgoblins (D:1)
  4 quokkas
  2 frilled lizards
  6 kobolds
  6 rats
78 creatures vanquished.

Notes
Turn   | Place    | Note
-------+----------+-------------------------------------------
     0 | D:1      | qw the Gargoyle Fighter began the quest for the Orb.
     0 | D:1      | Reached XP level 1. HP: 14/14 MP: 1/1
     0 | D:1      | 0 ||| qw: Version: 0.2-a-12-gaebbb33
     0 | D:1      | 0 ||| qw: Game counter: 906
     0 | D:1      | 0 ||| qw: Always use a shield: true
     0 | D:1      | 0 ||| qw: God list: Okawaru
     0 | D:1      | 0 ||| qw: Allow faded altars: false
     0 | D:1      | 0 ||| qw: Do Orc after D:15 true
     0 | D:1      | 0 ||| qw: Do second Lair branch before Depths: true
     0 | D:1      | 0 ||| qw: Lair rune preference: random
     0 | D:1      | 0 ||| qw: Plans: Normal, Zot:1-4, God:TSO, Crypt, Tomb,
                  | Pan, Slime:5, Hells, Abyss, Orb
     0 | D:1      | 0 ||| PLANNING D:1-11
    71 | D:1      | Reached skill level 2 in Axes
   409 | D:1      | Reached XP level 2. HP: 19/19 MP: 2/2
   811 | D:1      | Reached skill level 3 in Axes
   815 | D:1      | Found Guheff's Armour Shoppe.
   824 | D:1      | 824 ||| SHOPLISTING +2 pair of boots of flying (279 gold,
                  | have 20).
  1000 | D:1      | Reached XP level 3. HP: 23/23 MP: 3/3
  1112 | D:1      | 1112 ||| READING scroll labelled LOKKAUROQU.
  1113 | D:1      | 1113 ||| READING scroll labelled LEMAIG OTISUI.
  1114 | D:1      | 1114 ||| DRINKING 2 coppery potions.
  1162 | D:2      | 1162 ||| Stepping ~*~*~tactically~*~*~ (stealth).
  1164 | D:2      | 1164 ||| Stepping ~*~*~tactically~*~*~ (stealth).
  1167 | D:2      | 1167 ||| Stepping ~*~*~tactically~*~*~ (stealth).
  1170 | D:2      | 1170 ||| Stepping ~*~*~tactically~*~*~ (stealth).
  1172 | D:2      | 1172 ||| Stepping ~*~*~tactically~*~*~ (stealth).
  1250 | D:2      | 1250 ||| Stepping ~*~*~tactically~*~*~ (stealth).
  1283 | D:2      | Noticed Jessica
  1285 | D:2      | 1285 ||| Stepping ~*~*~tactically~*~*~ (hiding).
  1292 | D:2      | Killed Jessica
  1293 | D:2      | Reached XP level 4. HP: 20/28 MP: 4/4
  1410 | D:2      | Reached skill level 4 in Axes
  1453 | D:2      | 1453 ||| Stepping ~*~*~tactically~*~*~ (stealth).
  1592 | D:2      | 1592 ||| Stepping ~*~*~tactically~*~*~ (stealth).
  1593 | D:2      | 1593 ||| Stepping ~*~*~tactically~*~*~ (stealth).
  1599 | D:2      | 1599 ||| Stepping ~*~*~tactically~*~*~ (stealth).
  1603 | D:2      | 1603 ||| Stepping ~*~*~tactically~*~*~ (stealth).
  1654 | D:2      | 1654 ||| READING scroll labelled VAGGUC ATISTUC.
  1658 | D:2      | 1658 ||| READING scroll labelled DUIFUI MU EM OFY.
  1659 | D:2      | 1659 ||| DRINKING 2 bubbling black potions.
  1660 | D:2      | 1660 ||| READING 3 scrolls of identify.
  1660 | D:2      | 1660 ||| IDENTIFYING sedimented white potion
  1661 | D:2      | 1661 ||| DROPPING potion of berserk rage.
  2084 | D:3      | 2084 ||| Stepping ~*~*~tactically~*~*~ (hiding).
  2086 | D:3      | 2086 ||| Stepping ~*~*~tactically~*~*~ (hiding).
  2238 | D:3      | Reached XP level 5. HP: 32/32 MP: 5/5
  2536 | D:3      | 2536 ||| DROPPING +0 whip.
  2744 | D:3      | 2744 ||| UPGRADING to +0 pair of boots.
  2749 | D:3      | 2749 ||| UPGRADING to +0 chain mail.
  2759 | D:3      | 2759 ||| DROPPING +0 scale mail.
  2760 | D:3      | 2760 ||| UPGRADING to +4 ring of protection.
  2761 | D:3      | 2761 ||| UPGRADING to +4 ring of evasion.
  2762 | D:3      | 2762 ||| READING scroll labelled DEOSHRO FOAT.
  2768 | D:4      | 2768 ||| STAIRDANCE
  2777 | D:4      | 2777 ||| STAIRDANCE
  2784 | D:4      | 2784 ||| DRINKING potion of curing.
  2784 | D:4      | 2784 ||| (to cure confusion)
  2792 | D:4      | Reached skill level 5 in Axes
  2905 | D:4      | Noticed Ijyb
  2916 | D:4      | HP: 8/33 [Ijyb/+0 dagger (2)]
  2917 | D:4      | 2917 ||| DRINKING potion of heal wounds.
  2919 | D:4      | Killed Ijyb
  2920 | D:4      | Reached XP level 6. HP: 36/38 MP: 6/6
  3003 | D:4      | Reached skill level 6 in Axes
  3146 | D:4      | HP: 9/38 [orc priest/divine providence (14)]
  3152 | D:4      | Reached skill level 1 in Dodging
  3152 | D:4      | Reached XP level 7. HP: 10/43 MP: 7/7
  3828 | D:4      | 3828 ||| Stepping ~*~*~tactically~*~*~ (stealth).
  3833 | D:4      | 3833 ||| Stepping ~*~*~tactically~*~*~ (stealth).
  3866 | D:4      | 3866 ||| FLEEEEING.
  3867 | D:4      | 3867 ||| FLEEEEING.
  3869 | D:4      | 3869 ||| FLEEEEING.
  3870 | D:4      | 3870 ||| FLEEEEING.
  3871 | D:4      | 3871 ||| FLEEEEING.
  3872 | D:4      | 3872 ||| FLEEEEING.
  3874 | D:4      | 3874 ||| FLEEEEING.
  3876 | D:4      | 3876 ||| FLEEEEING.
  3878 | D:4      | 3878 ||| FLEEEEING.
  3879 | D:4      | 3879 ||| FLEEEEING.
  3880 | D:4      | 3880 ||| FLEEEEING.
  3881 | D:4      | 3881 ||| FLEEEEING.
  3882 | D:4      | 3882 ||| FLEEEEING.
  3883 | D:4      | 3883 ||| FLEEEEING.
  3885 | D:4      | 3885 ||| FLEEEEING.
  3886 | D:4      | 3886 ||| FLEEEEING.
  3887 | D:4      | 3887 ||| FLEEEEING.
  4045 | D:4      | 4045 ||| DROPPING ring of see invisible.
  4056 | D:5      | Entered Level 5 of the Dungeon
  4082 | D:5      | Reached skill level 7 in Axes
  4126 | D:5      | You fall into a shaft and drop 2 floors!
  4130 | D:7      | HP: 5/43 [orc priest/divine providence (12)]
  4131 | D:7      | 4131 ||| READING 3 scrolls of teleportation.
  4131 | D:7      | Slain by an orc warrior

Levels and vault maps discovered:
D:1:      nzn_arrival_depleted_hourglass, layout_loops_ring, serial_shops, shop,
          amcnicky_mini_pool_small
D:2:      layout_rooms, kennysheep_jessica_study
D:3:      layout_basic
D:4:      layout_basic, uniq_ijyb
D:5:      layout_basic
D:7:      layout_rooms, minmay_temple_entry_waves, serial_shops,
          nicolae_shop_behind_doors, uniq_pikel

Skill      XL: |  1  2  3  4  5  6  7 |
---------------+----------------------+-----
Axes           | 2 3 4 5 6 7 |  7.0
Fighting       | 4 |  4.3
Dodging        | 1 |  1.2
Armour         | |  3.2
Shields        | |  3.2

Action                   |  1- 3 |  4- 6 |  7- 9 || total
-------------------------+-------+-------+-------++-------
Melee: War axe           |    82 |   119 |    64 ||   265
Throw: Boomerang         |       |       |     3 ||     3
  Use: Scroll            |     2 |     4 |     1 ||     7
       Potion            |     1 |     3 |       ||     4
Armor: Scale mail        |    36 |    26 |       ||    62
       Chain mail        |       |    48 |    32 ||    80
Dodge: Dodged            |    24 |    48 |    28 ||   100
Block: Buckler           |    22 |    18 |    11 ||    51

Table legend:
 A = Non-vault XP
 B = Vault XP
 C = Vault XP percentage of total XP
 D = Non-vault monster count
 E = Vault monster count
 F = Vault count percentage of total count
                 A         B        C        D         E       F
            +---------+---------+-------+---------+---------+-------
      Total |     901 |      74 |   7.6 |      75 |       3 |   3.8
            +---------+---------+-------+---------+---------+-------
        D:1 |      36 |       0 |   0.0 |      20 |       0 |   0.0
        D:2 |      49 |      39 |  44.3 |      15 |       2 |  11.8
        D:3 |      62 |       0 |   0.0 |      18 |       0 |   0.0
        D:4 |     629 |      35 |   5.3 |      19 |       1 |   5.0
        D:5 |     125 |       0 |   0.0 |       3 |       0 |   0.0
            +---------+---------+-------+---------+---------+-------
